 Dungeon Crawl Stone Soup version 0.29-a0-338-g1ff7896281 (webtiles) character file.

Game seed: 633836877726143172

4414 kevlar127 the Grappler (level 10, -11/153 HPs)
             Began as a Troll Berserker on Apr 17, 2022.
             Was a Believer of Trog.
             Mangled by a hornet (12 damage)
             ... on level 8 of the Dungeon on Apr 18, 2022.
             The game lasted 01:11:02 (7590 turns).

kevlar127 the Grappler (Troll Berserker)            Turns: 7590, Time: 01:11:03

Health: -11/153    AC:  7    Str: 31    XL:     10   Next: 14%
Magic:  0/9        EV:  7    Int:  9    God:    Trog [**....]
Gold:   525        SH: 12    Dex:  9    Spells: 9/9 levels left

rFire   . . .      SeeInvis .     - Unarmed
rCold   . . .      Faith    .   P - +0 tower shield
rNeg    . . .      Spirit   +   w - +0 troll leather armour
rPois   .          Reflect  .   (helmet restricted)
rElec   .          Harm     .   e - +0 cloak
rCorr   .          Rampage  .   (gloves unavailable)
Will    ++...                   (boots unavailable)
Stlth   ..........              a - amulet of guardian spirit
HPRegen 2.95/turn               M - ring of flight
MPRegen 0.11/turn               o - +6 ring of intelligence

@: berserking, lethally poisoned (-11 -> -11), strong-willed, flying,
regenerating, slowed
A: large, unfitting armour, claws 3, regeneration 1, shaggy fur 1, tough skin 1
a: Renounce Religion, Berserk, Trog's Hand


You were on level 8 of the Dungeon.
You worshipped Trog.
Trog was pleased with you.
You visited 1 branch of the dungeon, and saw 8 of its levels.

You collected 525 gold pieces.

Inventory:

Missiles
 c - 129 stones (quivered)
 v - 2 throwing nets
 E - a poisoned dart
 L - 2 javelins
Armour
 e - a +0 cloak (worn)
 w - a +0 troll leather armour (worn)
 x - a +0 kite shield
 P - a +0 tower shield (worn)
Magical Staves
 g - a staff of poison
Jewellery
 a - an amulet of guardian spirit (around neck)
 o - a +6 ring of intelligence (right claw)
 p - a ring of fire
 I - an amulet of magic regeneration
 M - a ring of flight (left claw)
Wands
 l - a wand of digging (6)
 m - a wand of flame (35)
Scrolls
 h - 4 scrolls of amnesia {unknown}
 i - a scroll of fear {unknown}
 j - 4 scrolls of blinking {unknown}
 q - 3 scrolls of teleportation {unknown}
 u - a scroll of enchant armour {unknown}
 y - 3 scrolls of immolation
 A - a scroll of magic mapping
 C - a scroll of summoning {unknown}
 D - 2 scrolls of noise
 G - a scroll of vulnerability {unknown}
 J - a scroll of identify
Potions
 b - 2 potions of heal wounds {unknown}
 d - 2 potions of curing {unknown}
 f - 5 potions of attraction
 k - 2 potions of cancellation
 n - 2 potions of haste {unknown}
 r - 2 potions of berserk rage
 s - 2 potions of resistance {unknown}
 t - 3 potions of degeneration
 z - a potion of invisibility
 B - 2 potions of magic
 F - a potion of brilliance {unknown}
 H - a potion of might
 K - a potion of flight {unknown}
 O - a potion of lignification {unknown}


   Skills:
 + Level 7.1 Fighting
 + Level 6.8 Throwing
 - Level 2.4 Dodging
 + Level 5.0 Shields
 + Level 8.4 Unarmed Combat


You had 9 spell levels left.
You didn't know any spells.
Your spell library contained the following spells:

 Spells                   Type           Power      Damage    Failure   Level
 Corpse Rot               Necr/Air       0%         N/A       99%         2
 Ensorcelled Hibernation  Hex/Ice        0%         N/A       99%         2
 Passwall                 Tmut/Erth      0%         N/A       99%         2
 Spider Form              Tmut/Pois      0%         N/A       100%        3
 Swiftness                Air            0%         N/A       100%        3
 Anguish                  Hex/Necr       0%         N/A       100%        4
 Dispel Undead            Necr           0%         3d6       100%        4
 Death Channel            Necr           0%         N/A       100%        6


Dungeon Overview and Level Annotations

Branches:
Dungeon (8/15)             Temple (0/1) D:4
   Lair: D:8-11

Altars:
Elyvilon
Kikubaaqudgha
Makhleb
Nemelex Xobeh
Qazlal
Ru
Trog
Vehumet
Yredelemnul
Zin
The Shining One


Innate Abilities, Weirdness & Mutations

You are too large for most types of armour.
You have claws for hands.
Your natural rate of healing is unusually fast.
You are covered in fur. (AC +1)
You have tough skin. (AC +1)


Message History

You are more poisoned.
You suddenly lose the ability to move!
You can move again.
You closely miss the hornet.
The hornet is lightly wounded.
You feel extremely sick. You block the hornet's attack. The hornet stings you!
You are more poisoned.
You feel as though you will be slow longer.
The hornet stings you!
* * * LOW HITPOINT WARNING * * *
You feel as though you will be slow longer.
It was a potion of attraction.
You feel attractive to monsters.
You feel extremely sick.
The hornet stings you but does no damage.
You block the hornet's attack.
It was a potion of cancellation.
Your magical effects are unravelling.
You feel magically purged.
You feel yourself speed up.
You feel very sick. The hornet stings you!
* * * LOW HITPOINT WARNING * * *
You are more poisoned.
You feel yourself slow down. You block the hornet's attack.
You feel less attractive to monsters.
A red film seems to cover your vision as you go berserk!
You feel yourself moving faster!
You feel mighty!
You feel extremely sick. You block the hornet's attack. The hornet stings you.
* * * LOW HITPOINT WARNING * * *
You feel as though you will be slow longer.
The hornet stings you.
* * * LOW HITPOINT WARNING * * *
You feel as though you will be slow longer.
You closely miss the hornet.
You feel very sick. The hornet stings you!
You die...

+....# ####+#....#
........######
........'....#
........#....#
........#....#
........###..# .#
###########..###..#
....(..[@.....#
.......y......#
................
###..##..#######
#.. #..# ... ....
.... #..... .
#..... #######


You could see a hornet.

Vanquished Creatures
  The ghost of Laraso the Basher, a novice PaAK of Lugonu (D:5)
  A troll (D:7)
  Grinder (D:3)
  A hornet (D:4)
  Sigmund (D:3)
  A steam dragon (D:8)
  Menkaure (D:6)
  The ghost of durneh the Sneak, an amateur GrWn (D:4)
  3 water moccasins
  Duvessa (D:7)
  An orc warrior (D:8)
  4 ice beasts
  A sky beast (D:6)
  A black bear (D:6)
  3 ogres
  A kobold brigand (D:7)
  A phantom (D:6)
  2 bullfrogs (D:7)
  A gnoll sergeant (D:3)
  3 scorpions
  Dowan (D:7)
  3 howler monkeys
  A gnoll shaman (D:5)
  4 hounds
  3 orc priests
  4 iguanas
  4 jellies
  Ijyb (D:3)
  5 orc wizards
  2 scorpion simulacra (D:4)
  6 adders
  11 gnolls
  4 shadow imps
  3 white imps
  An ufetubus (D:5)
  3 worms
  2 adder simulacra (D:4)
  17 orcs
  7 ball pythons
  7 endoplasms
  4 giant cockroaches
  6 hobgoblins
  7 jackals (D:1)
  10 kobolds
  3 quokkas
  7 bats
  3 frilled lizards
  8 goblins
  3 rats
170 creatures vanquished.

Vanquished Creatures (others)
  5 demonic plants (D:7)
5 creatures vanquished.

Grand Total: 175 creatures vanquished

Notes
Turn   | Place    | Note
-------+----------+-------------------------------------------
     0 | D:1      | kevlar127 the Troll Berserker began the quest for the Orb.
     0 | D:1      | Reached XP level 1. HP: 22/22 MP: 0/0
    72 | D:1      | Reached XP level 2. HP: 27/29 MP: 1/1
   339 | D:1      | Reached XP level 3. HP: 37/37 MP: 2/2
   364 | D:1      | Reached ** piety under Trog
   465 | D:1      | Found a faded altar of an unknown god.
  1305 | D:2      | Reached skill level 1 in Throwing
  1305 | D:2      | Reached XP level 4. HP: 45/45 MP: 3/3
  1495 | D:3      | Noticed Ijyb
  1522 | D:3      | Killed Ijyb
  1523 | D:3      | Reached skill level 4 in Unarmed Combat
  1562 | D:3      | Noticed Grinder
  1591 | D:3      | Killed Grinder
  1592 | D:3      | Reached XP level 5. HP: 38/54 MP: 4/4
  1592 | D:3      | Reached XP level 6. HP: 44/62 MP: 5/5
  1806 | D:3      | Noticed Sigmund
  1821 | D:3      | Killed Sigmund
  1822 | D:3      | Reached skill level 5 in Unarmed Combat
  2299 | D:3      | Noticed an ice beast
  2306 | D:3      | Killed an ice beast
  2307 | D:3      | Reached XP level 7. HP: 55/70 MP: 6/6
  2436 | D:3      | Found a glowing silver altar of Zin.
  2836 | D:4      | Found an ancient bone altar of Kikubaaqudgha.
  3054 | D:4      | Found a staircase to the Ecumenical Temple.
  3126 | D:4      | Found a runed translucent gate.
  3128 | D:4      | Found a runed translucent gate.
  3128 | D:4      | Found a runed translucent gate.
  3222 | D:4      | Noticed a hornet
  3224 | D:4      | Paralysed by a hornet for 1 turns
  3237 | D:4      | Killed a hornet
  3238 | D:4      | Reached skill level 5 in Fighting
  3238 | D:4      | Reached skill level 1 in Shields
  3238 | D:4      | Reached skill level 6 in Unarmed Combat
  3706 | D:4      | Noticed durneh's ghost (amateur GrWn)
  3732 | D:4      | Reached XP level 8. HP: 72/80 MP: 7/7
  3765 | D:4      | Killed durneh's ghost
  3856 | D:5      | Entered Level 5 of the Dungeon
  3946 | D:5      | Found a burning altar of Makhleb.
  4323 | D:5      | Found a runed translucent door.
  4325 | D:5      | Noticed Laraso's ghost (novice PaAK)
  4358 | D:5      | Reached skill level 5 in Throwing
  4444 | D:5      | Identified the +1 helmet "Xacaovem" {Rampage Will++ Stlth-}
  4940 | D:6      | Reached skill level 7 in Unarmed Combat
  5017 | D:6      | Reached XP level 9. HP: 89/89 MP: 8/8
  5123 | D:6      | Noticed Menkaure
  5132 | D:6      | Killed Menkaure
  5323 | D:6      | Found a basalt altar of Yredelemnul.
  5667 | D:6      | Found a white marble altar of Elyvilon.
  5896 | D:6      | Found a sacrificial altar of Ru.
  6049 | D:6      | Found a glowing golden altar of the Shining One.
  6050 | D:6      | Found a bloodstained altar of Trog.
  6248 | D:7      | Found a radiant altar of Vehumet.
  6375 | D:5      | Killed Laraso's ghost
  6480 | D:7      | Found a sparkling altar of Nemelex Xobeh.
  6567 | D:7      | Noticed a troll
  6581 | D:7      | Killed a troll
  6582 | D:7      | Reached skill level 8 in Unarmed Combat
  6683 | D:7      | Noticed Duvessa
  6684 | D:7      | Noticed Dowan
  6690 | D:7      | Killed Dowan
  6710 | D:7      | Killed Duvessa
  6768 | D:7      | Found a stormy altar of Qazlal.
  6787 | D:7      | Reached XP level 10. HP: 100/100 MP: 9/9
  7579 | D:8      | Reached skill level 5 in Shields
  7580 | D:8      | Paralysed by a hornet for 2 turns
  7585 | D:8      | Paralysed by a hornet for 1 turns
  7589 | D:8      | HP: 4/153 [hornet (5)]
  7589 | D:8      | HP: 1/153 [hornet (3)]
  7590 | D:8      | Mangled by a hornet

Illustrated notes

Levels and vault maps discovered:
D:1:      psy_arrival_radial02, layout_loops_ring,
          hellmonk_ecumenical_altar_leap_of_faith
D:2:      layout_loops_ring, minivault_26, skrybe_limestone_x
D:3:      layout_loops_ring, mainiacjoe_overflow_alcove_1, st_stairs_12,
          uniq_ijyb, uniq_grinder, uniq_sigmund
D:4:      layout_loops_ring, kiku_gazebo_garden_becter,
          minmay_temple_entry_ruins, gammafunk_ghost_icy
D:5:      layout_basic, mainiacjoe_overflow_concentric_impassable,
          ebering_ghost_inner_flame, minivault_1, feat_on_display
D:6:      layout_loops_corners, nicolae_elyvilon_peaceful_grove, minitemple,
          mainiacjoe_overflow_cross_hatched, grunt_ministairs_10, uniq_menkaure
D:7:      layout_basic, fiery_altar_vehumet, mainiacjoe_overflow_catwalk,
          mainiacjoe_overflow_six_doors_small, dreamdust_princess_corridor,
          uniq_duvessa
D:8:      layout_gridville, nicolae_uskayaw_dance_hall,
          kennysheep_generic_room_16

Skill      XL: |  1  2  3  4  5  6  7  8  9 10 |
---------------+-------------------------------+-----
Fighting       | 3 4 5 6 7 |  7.1
Throwing       | 1 2 3 4 5 6 |  6.8
Unarmed Combat | 4 5 6 7 8 |  8.4
Shields        | 1 3 4 5 |  5.0
Dodging        | |  2.4

Action                   |  1- 3 |  4- 6 |  7- 9 | 10-12 || total
-------------------------+-------+-------+-------+-------++-------
Melee: Unarmed           |   115 |    61 |   250 |    50 ||   476
       Punch             |     1 |     1 |       |       ||     2
Throw: Stone             |       |    20 |    32 |     3 ||    55
       Dart              |       |    10 |    10 |       ||    20
       Javelin           |       |       |    30 |     4 ||    34
       Boomerang         |       |       |    27 |       ||    27
       Throwing net      |       |       |     1 |       ||     1
Invok: Trog's Hand       |       |     3 |    15 |     4 ||    22
       Berserk           |       |     3 |     4 |     1 ||     8
  Use: Scroll            |       |       |     4 |     2 ||     6
       Potion            |       |       |     1 |     2 ||     3
 Stab: Sleeping          |       |       |     1 |       ||     1
Armor: Animal skin       |    42 |    13 |    69 |       ||   124
       Troll leather arm |       |       |     4 |    16 ||    20
Dodge: Dodged            |    57 |    26 |    83 |    12 ||   178
Block: Kite shield       |       |       |    83 |     5 ||    88
       Tower shield      |       |       |       |    20 ||    20

Table legend: (Time is in decaauts)
 A = Elapsed time spent in this place.
 B = Non-inter-level travel time spent in this place.
 C = Inter-level travel time spent in this place.
 D = Time resting spent in this place.
 E = Time spent auto-exploring this place.
 F = Levels seen in this place.
 G = Mean time per level.
                   A        B        C        D        E       F      G
               +--------+--------+--------+--------+--------+-----+--------+
         Total |   7685 |   7383 |    302 |   1178 |   4487 |   8 |  960.6 |
       Dungeon |   7685 |   7383 |    302 |   1178 |   4487 |   8 |  960.6 |
               +--------+--------+--------+--------+--------+-----+--------+

Top non-repeatable levels by time:
     D:6: 1375 daAuts
     D:3: 1370 daAuts
     D:5: 1202 daAuts
     D:4: 1059 daAuts
     D:7: 874 daAuts
     D:1: 814 daAuts
     D:2: 672 daAuts
     D:8: 316 daAuts
